[Event "*** MasterClass Titled Tuesday Blitz"]
[Site "Chess.com"]
[Date "2017.12.12"]
[Round "7"]
[White "Mykola-Bortnyk"]
[Black "GMKrikor"]
[Result "0-1"]
[WhiteElo "2671"]
[BlackElo "2651"]
[TimeControl "180+2"]
[EndTime "14:42:36 PST"]
[Termination "GMKrikor won by checkmate"]

1. e4 e5 2. Nf3 Nc6 3. Bb5 Nf6 4. Qe2 Bc5 5. c3 O-O 6. O-O Re8 7. b4 Bf8 8. h3 d5 9. d3 a5 10. bxa5 Rxa5 11. a4 Be6 12. Rd1 Qa8 13. Bb2 dxe4 14. dxe4 Nd7 15. c4 f6 16. Nc3 Nc5 17. Nd5 Bd6 18. Bc3 Ra7 19. Nh4 Rd8 20. Nf5 Bxf5 21. exf5 Nxa4 22. Be1 Nd4 23. Rxd4 exd4 24. Qg4 Kh8 25.
Qxd4 Be5 26. Qg4 Bxa1 27. Nxc7 Qc8 28. Ne6 Rg8 29. Nf4 Re8 30. Bxe8 Qxe8 31. Ne6 b6 32. Bb4 Nc5 33. Bxc5 bxc5 34. Qe4 Be5 35. f4 Bd4+ 36. Kh2 Qa8 37. Qe2 Ra1 38. Qg4 Qb7 39. Qh5 Bg1+ 40.
Kh1 Qc8 41. Qf7 Qg8 42. Qe7 Re1 43. h4 Be3+ 44. Kh2 Bxf4+ 45. g3 Be5 46. Kh3 Ra1 47. Nd8 h6 48. Nf7+ Kh7 49. Nd8 Ra8 50. Ne6 Re8 51.
Qd7 Ra8 52. h5 Rb8 53. Qe7 Rc8 54. Qd7 Rb8 55. Qe7 Ra8 56. Qd7 Kh8 57. Qe7 Ra3 58. Kg2 Rxg3+ 59. Kf2 Ra3 60. Nf8 Ra8 61. Ne6 Re8 62.
Qd7 Kh7 63. Kf3 Ra8 64. Kf2 Ra2+ 65. Kf1 Rh2 66. Qe7 Kh8 67. Ke1 Rxh5 68. Nf8 Rg5 69. Qe8 h5 70. Ng6+ Rxg6 71. Qxg6 Qd8 72. Qf7 Kh7 73.
Ke2 h4 74. Qh5+ Kg8 75. Qxh4 Qd4 76. Qh5 Qxc4+ 77. Kf3 Qd3+ 78. Kg2 Qd5+ 79. Kf1 Qd7 80. Qg6 c4 81. Qg4 Qd3+ 82. Ke1 c3 83. Qa4 Bg3# 0-1

[Event "*** MasterClass Titled Tuesday Blitz"]
[Site "Chess.com"]
[Date "2017.12.12"]
[Round "7"]
[White "Keaton87"]
[Black "florianschwabeneder"]
[Result "1/2-1/2"]
[WhiteElo "2516"]
[BlackElo "2479"]
[TimeControl "180+2"]
[EndTime "14:43:34 PST"]
[Termination "Game drawn - insufficient material"]

1. e4 e5 2. Nf3 Nc6 3. Bb5 a6 4. Ba4 g6 5. O-O Bg7 6. c3 d6 7. d4 Bd7 8. d5 Nce7 9. Bxd7+ Qxd7 10. c4 h6 11. Nc3 f5 12. Ne1 Nf6 13. f3 O-O 14. Nd3 c6 15. Kh1 cxd5 16. cxd5 Rac8 17. Be3 Rc4 18. Nf2 b5 19. Qd3 Rfc8 20. Rac1 Qc7 21. Ne2 h5 22. b3 Rxc1 23. Rxc1 Qb7 24. Rxc8+ Qxc8 25. Bg5 Kf7 26. Qc3 Qxc3 27. Nxc3 Nh7 28.
Bxe7 Kxe7 29. h3 Bh6 30. g4 Be3 31. Nfd1 Bd4 32. gxf5 gxf5 33. Kg2 f4 34. Ne2 Bc5 35. Nb2 Nf8 36. Nd3 Be3 37. Nb4 Ng6 38. Nxa6 Nh4+ 39.
Kf1 Nxf3 40. b4 Nd2+ 41. Ke1 f3 42. Ng3 Kd7 43. Nb8+ Kc7 44. Nc6 h4 45. Nf1 Nxe4 46. Nxe3 Ng5 47. Kf2 e4 48. Nf5 Nxh3+ 49. Ke3 f2 50.
Ke2 Nf4+ 51. Kxf2 Nxd5 52. Ncd4 Nxb4 53. Nxb5+ Kb6 54. Nc3 Kc5 55. Nxe4+ Kd5 56. Nc3+ Kc4 57. Ne4 Nxa2 58. Nexd6+ Kd5 59. Nb5 h3 60. Kg3 h2 61.
Kxh2 Kc4 62. Nbd6+ Kd5 63. Kg3 Ke5 64. Kg4 Nc3 65.
Nc4+ Kd5 66. Nce3+ Ke4 67. Ng2 Nd5 68. Ng3+ Kd4 69. Nh4 Ne3+ 70. Kf3 Nd5 71. Ng2 Ke5 72.
Ne2 Nf6 73. Ne1 Nd5 74. Nd3+ Kd6 75. Ke4 Nf6+ 76. Kd4 Nd7 77. Nc3 Nf6 78. Nb5+ Ke6 79. Nc5+ Kf5 80. Nd6+ Kf4 81. Ne6+ Kf3 82. Nf5 Ng4 83.
Nh4+ Kg3 84. Ng6 Kf3 85. Ng5+ Kf2 86. Ke4 Nf6+ 87. Kf5 Nd5 88. Ke5 Ne3 89. Nf4 Nc4+ 90. Ke4 Nd2+ 91. Kd3 Nf3 92. Ne4+ Kg1 93. Ke3 Ne5 94.
Ng5 Kh2 95. Nh5 Kg2 96. Ke2 Ng6 97. Ke3 Ne5 98. Ke4 Ng6 99. Kf5 Nh4+ 100. Kg4 Ng6 101. Nf7 Kf2 102. Kf5 Nh4+ 103. Ke4 Ng6 104. Ng5 Nh4 105. Nh3+ Kg2 106. N5f4+ Kg3 107. Ke3 Nf5+ 108. Ke2 Nd4+ 109. Kd1 Nf5 110. Nh5+ Kxh3 111. Ng3 Kxg3 1/2-1/2

[Event "*** MasterClass Titled Tuesday Blitz"]
[Site "Chess.com"]
[Date "2017.12.12"]
[Round "8"]
[White "Konavets"]
[Black "MartinZumsande"]
[Result "1-0"]
[WhiteElo "2751"]
[BlackElo "2466"]
[TimeControl "180+2"]
[EndTime "14:45:10 PST"]
[Termination "Konavets won by resignation"]

1. e4 e6 2. Nc3 d5 3. d4 Nf6 4.
e5 Nfd7 5. f4 c5 6. Nf3 Nc6 7. Be3 Be7 8. Qd2 O-O 9. dxc5 Qa5 10. Bb5 Nxc5 11. O-O Bd7 12. Bxc6 Bxc6 13. Nxd5 Bd8 14.
Qxa5 Bxa5 15. Ne7+ Kh8 16. Nxc6 bxc6 17. Bxc5 1-0

[Event "*** MasterClass Titled Tuesday Blitz"]
[Site "Chess.com"]
[Date "2017.12.12"]
[Round "8"]
[White "benhal"]
[Black "windking123"]
[Result "1-0"]
[WhiteElo "2288"]
[BlackElo "2366"]
[TimeControl "180+2"]
[EndTime "14:47:47 PST"]
[Termination "benhal won by resignation"]

1. e4 e5 2. Nf3 Nc6 3. Nc3 Nf6 4.
Bb5 Bc5 5. O-O d6 6. d4 exd4 7. Nxd4 Bd7 8. Nf5 Bxf5 9. exf5 h6 10. Re1+ Kf8 11. Be3 Bxe3 12. Rxe3 Ne7 13. Qf3 c6 14. Bd3 Ned5 15. Nxd5 Nxd5 16. Re2 Qb6 17. Rae1 Qxb2 18. c4 Nf6 19. Rxb2 1-0

[Event "*** MasterClass Titled Tuesday Blitz"]
[Site "Chess.com"]
[Date "2017.12.12"]
[Round "8"]
[White "Tash_Boy"]
[Black "Parhamov"]
[Result "0-1"]
[WhiteElo "2462"]
[BlackElo "2735"]
[TimeControl "180+2"]
[EndTime "14:48:26 PST"]
[Termination "Parhamov won by resignation"]

1. d4 f5 2. g3 Nf6 3. Bg2 e6 4. Nf3 c6 5. O-O d5 6. Bf4 Be7 7. c4 O-O 8. Nc3 Ne4 9. Qb3 Nd7 10. Ne5 Nxe5 11. dxe5 Nc5 12. Qc2 dxc4 13. Rfd1 Qc7 14. Rd4 g5 15. Be3 b5 16. Nxb5 cxb5 17. Bxa8 Qxe5 18. Rad1 f4 19. Bc1 Qf6 20. gxf4 e5 21. Bd5+ Kh8 22. fxe5 Qxf2+ 23. Kh1 Bh3 24. Bf3 Rxf3 25.
exf3 Qxc2 0-1

[Event "*** MasterClass Titled Tuesday Blitz"]
[Site "Chess.com"]
[Date "2017.12.12"]
[Round "8"]
[White "jcibarra"]
[Black "GrigorGrigorov"]
[Result "1-0"]
[WhiteElo "2706"]
[BlackElo "2587"]
[TimeControl "180+2"]
[EndTime "14:48:41 PST"]
[Termination "jcibarra won by resignation"]

1. e4 c5 2. Nf3 d6 3. d4 cxd4 4. Nxd4 Nf6 5. Nc3 a6 6. Bg5 e6 7. f4 Qb6 8. Qd3 Qxb2 9. Rb1 Qa3 10. f5 Nc6 11. fxe6 fxe6 12. Nxc6 bxc6 13. Be2 Qa5 14. Bd2 Qe5 15. O-O Be7 16. Bf4 Qc5+ 17. Kh1 O-O 18.
Na4 Qa5 19. Nb6 Rb8 20. Nc4 Qc7 21. Bxd6 Bxd6 22. Qxd6 Qxd6 23. Nxd6 Bd7 24. Kg1 a5 25. Bc4 Ng4 26. Rxf8+ Rxf8 27. Rb7 Ne5 28. Rxd7 Nxd7 29. Bxe6+ Kh8 30. Bxd7 1-0

[Event "*** MasterClass Titled Tuesday Blitz"]
[Site "Chess.com"]
[Date "2017.12.12"]
[Round "8"]
[White "GMKrikor"]
[Black "PulpanJ"]
[Result "1-0"]
[WhiteElo "2656"]
[BlackElo "2483"]
[TimeControl "180+2"]
[EndTime "14:49:03 PST"]
[Termination "GMKrikor won by resignation"]

1. e4 c5 2. Nf3 d6 3. c3 Nf6 4.
h3 g6 5. Bd3 Bg7 6. Bc2 O-O 7.
O-O Nc6 8. d4 cxd4 9. cxd4 Nb4 10. Bb3 Nxe4 11. Qe1 Nxf2 12. Qxf2 Bf5 13. Nc3 a5 14. a3 Nd3 15. Qe2 Qb6 16. Ba2 e5 17.
Nd5 Qd8 18. Bg5 Qd7 19. Nb6 Qb5 20. Nxa8 Rxa8 21. dxe5 dxe5 22. Be3 Rd8 23. Ng5 Qxb2 24.
Qxb2 Nxb2 25. Nxf7 Rd3 26. Nxe5+ 1-0

[Event "*** MasterClass Titled Tuesday Blitz"]
[Site "Chess.com"]
[Date "2017.12.12"]
[Round "8"]
[White "Kacparov"]
[Black "dawtonlms"]
[Result "1-0"]
[WhiteElo "2598"]
[BlackElo "2269"]
[TimeControl "180+2"]
[EndTime "14:49:12 PST"]
[Termination "Kacparov won by resignation"]

1. e4 c5 2. Nf3 d6 3. d4 cxd4 4.
Nxd4 Nf6 5. f3 e5 6. Nb3 d5 7.
Bg5 dxe4 8. Qxd8+ Kxd8 9. Bxf6+ gxf6 10. fxe4 f5 11. Nc3 fxe4 12. O-O-O+ Kc7 13. Nd5+ Kc6 14. Na5+ Kc5 15. b4+ Kd6 16. Nb6+ Ke6 17. Nxa8 Bxb4 18. Nc7+ Kf5 19. Nc4 Nc6 20. Nd5 Bc5 21. c3 Be6 22.
Be2 Kg6 23. g4 b5 24. Nce3 a6 25. Rhf1 Rc8 26. Nf5 h6 27. h3 Ba3+ 28. Kb1 f6 29.
Nfe3 Kg7 30. Rxf6 Nd8 31. Nf5+ Kg8 32. Nde7+ 1-0

[Event "*** MasterClass Titled Tuesday Blitz"]
[Site "Chess.com"]
[Date "2017.12.12"]
[Round "8"]
[White "Kawhi_Leonard2"]
[Black "evgenysharapov"]
[Result "0-1"]
[WhiteElo "2262"]
[BlackElo "2333"]
[TimeControl "180+2"]
[EndTime "14:49:24 PST"]
[Termination "evgenysharapov won by resignation"]

1. e4 c5 2. Nf3 d6 3. d4 cxd4 4. Nxd4 Nf6 5. Nc3 Nc6 6. Bg5 Qb6 7. Nb3 e6 8. Qd2 Be7 9. O-O-O O-O 10. f4 Rd8 11. Bd3 a6 12. Kb1 Qc7 13. g4 b5 14.
Bxf6 Bxf6 15. g5 Be7 16. h4 b4 17. Ne2 a5 18. Nbd4 Nxd4 19. Nxd4 a4 20. Qxb4 d5 21. Qe1 Qb6 22. e5 Ba3 23. b3 axb3 24. cxb3 Bc5 25. Nf3 Ba6 26. h5 Bxd3+ 27. Rxd3 Rxa2 28. Kxa2 Qa6+ 29. Kb2 Qxd3 30. Qd1 Ba3+ 31. Kxa3 Qc3 0-1

[Event "*** MasterClass Titled Tuesday Blitz"]
[Site "Chess.com"]
[Date "2017.12.12"]
[Round "8"]
[White "RobertoJBM"]
[Black "Arm-Akiba"]
[Result "0-1"]
[WhiteElo "2630"]
[BlackElo "2699"]
[TimeControl "180+2"]
[EndTime "14:49:27 PST"]
[Termination "Arm-Akiba won on time"]

1. d4 Nf6 2. c4 e6 3. Nc3 Bb4 4. Qc2 d6 5. Nf3 Nbd7 6. a3 Bxc3+ 7. Qxc3 b6 8. e3 Bb7 9. Be2 O-O 10. O-O Ne4 11.
Qc2 f5 12. b4 Rf6 13. d5 c5 14.
dxc6 Bxc6 15. Nd4 Rh6 16. g3 Qh4 17. Nf3 Qh3 18. b5 Ng5 19. Nh4 Rxh4 0-1

[Event "*** MasterClass Titled Tuesday Blitz"]
[Site "Chess.com"]
[Date "2017.12.12"]
[Round "8"]
[White "Penguininja"]
[Black "marianokar"]
[Result "0-1"]
[WhiteElo "2392"]
[BlackElo "2305"]
[TimeControl "180+2"]
[EndTime "14:49:29 PST"]
[Termination "marianokar won by resignation"]

1. Nf3 d5 2. c4 c6 3. cxd5 cxd5 4. d4 Nc6 5. Nc3 Nf6 6. Bf4 Qb6 7. Na4 Qa5+ 8. Bd2 Qd8 9. Bf4 e6 10. e3 Qa5+ 11.
Nd2 Bb4 12. Nc3 Bxc3 13. bxc3 Qxc3 14. Rc1 Qa5 15. Bd6 Ne4 16. Bc5 b6 17. Bd6 Bd7 18. Bf4 O-O 19. f3 Nf6 20. Bd3 Nb4 21. Bb1 Nxa2 22. Rc7 Bb5 23. Qc2 Nb4 24. Qc3 Ne8 25. Re7 Nd3+ 0-1

[Event "*** MasterClass Titled Tuesday Blitz"]
[Site "Chess.com"]
[Date "2017.12.12"]
[Round "8"]
[White "sandromareco"]
[Black "aspired"]
[Result "1-0"]
[WhiteElo "2645"]
[BlackElo "2531"]
[TimeControl "180+2"]
[EndTime "14:49:37 PST"]
[Termination "sandromareco won by resignation"]

1. Nf3 d5 2. g3 Nd7 3. Bg2 e5 4. O-O e4 5. Ne1 Ngf6 6. d3 exd3 7. Nxd3 Be7 8. b3 O-O 9. Bb2 Re8 10. Nd2 c6 11. c4 dxc4 12. Nxc4 Nb6 13. Qc2 Bf5 14. Rfd1 Qc8 15. Rab1 Qe6 16. Na5 Rab8 17. a3 Nbd5 18. b4 Be4 19. Bf1 h5 20. Qd2 h4 21. Rbc1 hxg3 22.
hxg3 Qf5 23. Nc4 Qh5 24. f3 Ng4 25. fxg4 Qh1+ 26. Kf2 Qh2+ 27. Ke1 Qxg3+ 28. Nf2 Bh4 29. Bd4 Rbd8 30. Rc3 Ne3 31. Qxe3 1-0

[Event "*** MasterClass Titled Tuesday Blitz"]
[Site "Chess.com"]
[Date "2017.12.12"]
[Round "8"]
[White "lukas_111111"]
[Black "inegrepus"]
[Result "0-1"]
[WhiteElo "2428"]
[BlackElo "2063"]
[TimeControl "180+2"]
[EndTime "14:50:38 PST"]
[Termination "inegrepus won by checkmate"]

1. e4 c5 2. Nf3 Nc6 3. Bb5 Nf6 4. e5 Nd5 5. O-O Nc7 6. Bxc6 dxc6 7. d3 g6 8. Nc3 Bg7 9. Ne4 b6 10. Bg5 O-O 11.
Qd2 Bg4 12. Bh6 Bxf3 13. gxf3 Ne6 14. Bxg7 Kxg7 15. f4 Nd4 16. f3 h6 17. Ng3 Qd7 18. Kh1 Qh3 19. c3 Nf5 20. Ne4 Rad8 21. Rad1 Rd7 22.
Qe2 Rfd8 23. Nf2 Ng3+ 24. Kg1 Nxe2+ 25. Kh1 Ng3+ 26. Kg1 Qxf1+ 27. Rxf1 Nxf1 28. Kxf1 Rxd3 29. e6 fxe6 30. Kg2 Rd2 31. Kg3 Rxf2 32. Kxf2 Rd2+ 33.
Ke3 Rxb2 34. f5 exf5 35. Kf4 Kf6 36. c4 e5+ 37. Kg3 Rxa2 38. Kh3 Rc2 39. Kg3 Rxc4 40.
Kh3 Rf4 41. Kg3 a5 42. h4 h5 43. Kg2 Rxh4 44. Kg3 Rf4 45. Kg2 b5 46. Kg3 c4 47. Kg2 c5 48. Kg3 b4 49. Kg2 a4 50.
Kg3 c3 51. Kg2 b3 52. Kg3 a3 53. Kg2 c4 54. Kg3 c2 55. Kg2 b2 56. Kg3 a2 57.
Kg2 c3 58. Kg3 c1=R 59. Kg2 b1=R 60. Kg3 a1=R 61. Kg2 c2 62. Kg3 Rf1 63. Kg2 c1=R 64. Kg3 R4xf3+ 65. Kg2 e4 66. Kh2 e3 67. Kg2 e2 68.
Kh2 e1=R 69. Kg2 g5 70. Kh2 f4 71. Kg2 g4 72. Kh2 h4 73. Kg2 Ra2# 0-1

[Event "*** MasterClass Titled Tuesday Blitz"]
[Site "Chess.com"]
[Date "2017.12.12"]
[Round "8"]
[White "tigra"]
[Black "jefferyx"]
[Result "1-0"]
[WhiteElo "2667"]
[BlackElo "2745"]
[TimeControl "180+2"]
[EndTime "14:50:42 PST"]
[Termination "tigra won by resignation"]

1. e4 c5 2. Nf3 d6 3. d4 Nf6 4. Nc3 cxd4 5. Nxd4 a6 6. Bg5 Nbd7 7. Qe2 h6 8. Bh4 g6 9. O-O-O e5 10. Nb3 Be7 11. f3 b5 12. a3 Bb7 13. Kb1 Rc8 14. Be1 Nb6 15. g4 Nc4 16. h4 Nd7 17. h5 Ndb6 18.
hxg6 fxg6 19. Nc1 Bg5 20. Nd3 O-O 21. Nb4 Qf6 22. Rd3 a5 23. Nbd5 Bxd5 24. exd5 b4 25. Ne4 Qg7 26. axb4 axb4 27. Bxb4 Ra8 28. Rc3 Qa7 29.
Ba3 Nxb2 30. Nxg5 N2c4 31. Rxh6 Nxa3+ 32. Rxa3 Qg7 33. Rh7 Qf6 34. Ne4 Qf4 35. Rxa8 Nxa8 36. Rb7 Nc7 37. Rxc7 Rb8+ 38. Ka2 Ra8+ 39. Kb2 Rb8+ 40.
Kc3 1-0

[Event "*** MasterClass Titled Tuesday Blitz"]
[Site "Chess.com"]
[Date "2017.12.12"]
[Round "8"]
[White "calemcc"]
[Black "twitchTriniCupid"]
[Result "0-1"]
[WhiteElo "2263"]
[BlackElo "2219"]
[TimeControl "180+2"]
[EndTime "14:50:46 PST"]
[Termination "twitchTriniCupid won by checkmate"]

1. d4 Nf6 2. c4 e6 3. Nf3 Bb4+ 4.
Nbd2 c5 5. a3 Bxd2+ 6. Qxd2 cxd4 7. Nxd4 d5 8. e3 O-O 9. cxd5 exd5 10. Bd3 Nc6 11. Qc3 Ne5 12. Be2 Bg4 13. Bxg4 Nexg4 14. h3 Nxf2 15. O-O N2e4 16. Qb3 Qd7 17. Qd3 Rfe8 18. b4 Nd6 19. Nf5 Nxf5 20. Rxf5 Rad8 21. Bb2 Ne4 22.
Raf1 f6 23. Bd4 Ng3 24. Bxa7 Nxf5 25. Rxf5 Qe6 26. Bd4 Rc8 27. Bb2 Red8 28. Rh5 Qe4 29.
Qxe4 dxe4 30. Rb5 Rd2 31. Bd4 Rcc2 32. Rxb7 Rxg2+ 33. Kf1 Rh2 34. Kg1 Rhd2 35. Rb8+ Kf7 36. Rb7+ Kg6 37. Bxf6 Rd1# 0-1

[Event "*** MasterClass Titled Tuesday Blitz"]
[Site "Chess.com"]
[Date "2017.12.12"]
[Round "8"]
[White "TheBigBoss04"]
[Black "ristingho"]
[Result "0-1"]
[WhiteElo "2475"]
[BlackElo "2359"]
[TimeControl "180+2"]
[EndTime "14:50:52 PST"]
[Termination "ristingho won by resignation"]

1. Nf3 Nf6 2. c4 c5 3. g3 b6 4. Bg2 Bb7 5. O-O g6 6. b3 Bg7 7. Bb2 O-O 8. d4 cxd4 9. Qxd4 d6 10. Rd1 Nbd7 11. Nc3 Qc7 12. Qd2 a6 13. Rac1 Nc5 14. Nd5 Bxd5 15. cxd5 a5 16. Bd4 Qb7 17. Qb2 Rac8 18.
Ne1 Rc7 19. Rc2 Rd8 20. Rdc1 Bh6 21. e3 Nxd5 22. a3 f5 23. b4 axb4 24. axb4 Ne4 25. f3 Rxc2 26. Qxc2 e5 27. fxe4 exd4 28. Kh1 Nxe3 29.
Qb3+ Kg7 30. Qd3 Nxg2 31. Qxd4+ Kg8 32. Rc3 Nxe1 33. Qc4+ Kh8 34. Qd4+ Bg7 0-1

[Event "*** MasterClass Titled Tuesday Blitz"]
[Site "Chess.com"]
[Date "2017.12.12"]
[Round "8"]
[White "wonderfultime"]
[Black "kleinebeer98"]
[Result "1-0"]
[WhiteElo "2702"]
[BlackElo "2516"]
[TimeControl "180+2"]
[EndTime "14:50:54 PST"]
[Termination "wonderfultime won by resignation"]

1. d4 Nf6 2. Bf4 e6 3. e3 c5 4.
c3 Nc6 5. Nd2 b6 6. Ngf3 Bb7 7.
Bd3 Be7 8. O-O h6 9. h3 O-O 10. a4 d6 11. Bh2 Qc7 12. Qe2 Rfe8 13. Rfc1 e5 14. dxe5 Nxe5 15. Nxe5 dxe5 16. e4 Rad8 17. Rd1 Bf8 18. Bc2 g6 19. Nf1 Nh5 20. Ne3 Nf4 21.
Qf3 Bg7 22. h4 h5 23. g3 Ne6 24.
Bb3 Qc8 25. a5 b5 26. Bd5 c4 27. Kg2 Bh6 28. Bxb7 Qxb7 29. Nd5 Bg7 30. g4 hxg4 31. Qxg4 Qa8 32. h5 Nf4+ 33. Bxf4 exf4 34. hxg6 Rxe4 35. Qf5 f3+ 36. Qxf3 Rxd5 37. Qxf7+ Kh8 38. Rxd5 Rg4+ 39. Kf3 Rh4 40. Re1 1-0

[Event "*** MasterClass Titled Tuesday Blitz"]
[Site "Chess.com"]
[Date "2017.12.12"]
[Round "8"]
[White "gmcorrales"]
[Black "filali-oujda"]
[Result "1-0"]
[WhiteElo "2634"]
[BlackElo "2364"]
[TimeControl "180+2"]
[EndTime "14:50:55 PST"]
[Termination "gmcorrales won on time"]

1. e4 c6 2. d4 d5 3. Nc3 dxe4 4. Nxe4 Nf6 5. Nxf6+ exf6 6. c3 Bd6 7. Nf3 Bg4 8.
Qe2+ Be7 9. h3 Bh5 10. g4 Bg6 11. Nh4 O-O 12. Nxg6 hxg6 13. Bg2 Nd7 14. O-O Re8 15. a4 Bd6 16. Qf3 g5 17. a5 a6 18. Rd1 Nf8 19. b4 Ng6 20. Bf1 Bc7 21. d5 Qd6 22. Qh1 Rad8 23.
Rd3 Re1 24. Bb2 Rde8 25. Rdd1 Rxd1 26. Rxd1 c5 27. bxc5 Qxc5 28. c4 Nh4 29. Bd4 Qxa5 30. Be3 Qa3 31. Rd3 Qb4 32. c5 Be5 33. d6 b6 34. Qc6 Rf8 35. d7 1-0

[Event "*** MasterClass Titled Tuesday Blitz"]
[Site "Chess.com"]
[Date "2017.12.12"]
[Round "8"]
[White "Veiso"]
[Black "cheese111"]
[Result "0-1"]
[WhiteElo "2219"]
[BlackElo "2422"]
[TimeControl "180+2"]
[EndTime "14:51:01 PST"]
[Termination "cheese111 won by resignation"]

1. Nf3 Nf6 2. d4 d5 3. c4 e6 4.
g3 dxc4 5. Bg2 Nc6 6. O-O a6 7.
a4 Na5 8. Nbd2 c5 9. Qc2 cxd4 10. Nxc4 Qc7 11. b3 Nxc4 12. bxc4 e5 13. Ng5 Be7 14. f4 h6 15. fxe5 hxg5 16. exf6 Bxf6 17. Ba3 d3 18.
exd3 Bxa1 19. Rxa1 Be6 20. Qc3 f6 21. Re1 Kf7 22.
d4 Qxc4 23. Qb2 Rad8 24. Qxb7+ Rd7 25. Qa7 Rxa7 0-1

[Event "*** MasterClass Titled Tuesday Blitz"]
[Site "Chess.com"]
[Date "2017.12.12"]
[Round "8"]
[White "KhalilMousavi77"]
[Black "xamax2000"]
[Result "0-1"]
[WhiteElo "2439"]
[BlackElo "2323"]
[TimeControl "180+2"]
[EndTime "14:51:07 PST"]
[Termination "xamax2000 won on time"]

1. e4 e5 2. Nf3 Nc6 3. Bc4 Nf6 4. Ng5 d5 5. exd5 Na5 6. Bb5+ c6 7. dxc6 bxc6 8.
Bd3 Ng4 9. Nf3 f5 10. h3 Nxf2 11.
Kxf2 Bc5+ 12. Kf1 e4 13. Qe2 O-O 14. Bc4+ Kh8 15. Ne5 Qd4 16. Nf7+ Rxf7 17. Bxf7 Ba6 18. c4 Nxc4 19. Ke1 Rd8 20. Nc3 Nxb2 21. Qe3 Qe5 22. Qg5 Be7 23. d4 exd3+ 24. Kf2 Bxg5 25. Bxg5 Qxc3 26.
Bxd8 Qd4+ 27. Kg3 Qxd8 28. Bb3 d2 29. Rab1 Qd6+ 0-1

[Event "*** MasterClass Titled Tuesday Blitz"]
[Site "Chess.com"]
[Date "2017.12.12"]
[Round "8"]
[White "Schemato"]
[Black "FMJoseHerrera"]
[Result "0-1"]
[WhiteElo "2302"]
[BlackElo "2431"]
[TimeControl "180+2"]
[EndTime "14:51:15 PST"]
[Termination "FMJoseHerrera won by resignation"]

1. c4 Nf6 2. Nc3 b6 3. e4 Bb7 4. e5 Ng8 5. d4 d6 6. Nf3 g6 7. Bf4 Bg7 8. Be2 dxe5 9. Bxe5 Nf6 10. O-O O-O 11. Qc2 Nc6 12. Bxf6 Bxf6 13. d5 Nd4 14.
Nxd4 Bxd4 15. Rad1 Bg7 16. Bf3 Rb8 17. Rfe1 Bc8 18.
Re2 Bf5 19. Be4 Bg4 20. f3 Bd7 21. b3 a6 22. Red2 Bh6 23. Re2 Re8 24. g3 Bc8 25. Kg2 Qd7 26. Rde1 Qh3+ 27. Kg1 Bg7 28. Qd2 h5 29. f4 h4 30. Bg2 Qg4 31. Re3 hxg3 32. hxg3 e6 33. Qe2 Qxe2 34. Nxe2 Bd7 35. Bh3 exd5 36.
Rxe8+ Bxe8 37. cxd5 Bb5 38. Kf2 Re8 39. Bg2 Bf8 40. Nc3 Bc5+ 0-1

[Event "*** MasterClass Titled Tuesday Blitz"]
[Site "Chess.com"]
[Date "2017.12.12"]
[Round "8"]
[White "chesstatour"]
[Black "liquormark"]
[Result "1-0"]
[WhiteElo "1989"]
[BlackElo "1984"]
[TimeControl "180+2"]
[EndTime "14:51:19 PST"]
[Termination "chesstatour won on time"]

1. c4 Nf6 2. Nc3 g6 3. e4 d6 4.
d4 Bg7 5. f4 O-O 6. Nf3 c5 7.
d5 b5 8. cxb5 a6 9. bxa6 Bxa6 10.
Be2 Bxe2 11. Qxe2 Na6 12. O-O Nd7 13. e5 Qb6 14. e6 Nf6 15. Ng5 Nb4 16. Rd1 Qb7 17.
exf7+ Kh8 18. Qf3 c4 19. f5 gxf5 20. Qxf5 Ra5 21. a3 Nbxd5 22. Nce4 Ne3 23. Qxa5 Nxd1 24. Qf5 Qa7+ 25. Kh1 1-0

[Event "*** MasterClass Titled Tuesday Blitz"]
[Site "Chess.com"]
[Date "2017.12.12"]
[Round "8"]
[White "ShimanovAlex"]
[Black "SenseiJulio"]
[Result "1-0"]
[WhiteElo "2662"]
[BlackElo "2527"]
[TimeControl "180+2"]
[EndTime "14:51:20 PST"]
[Termination "ShimanovAlex won by checkmate"]

1. d4 e6 2. Nf3 f5 3. Bf4 Nf6 4.
e3 b6 5. Nbd2 Bb7 6. Bd3 Bd6 7.
Be5 O-O 8. O-O Nc6 9. Nc4 Ne4 10.
Nxd6 cxd6 11. Bf4 Qe7 12. Bxe4 fxe4 13. Nd2 Nxd4 14. Nxe4 e5 15. Bg3 Nf5 16. Nc3 Qe6 17.
e4 Nd4 18. f3 Ba6 19. Re1 Rac8 20. Bf2 Rc4 21. Rc1 Rfc8 22. Qd2 Bb7 23. Red1 b5 24. a3 a6 25. Bxd4 exd4 26. Ne2 d5 27. Nxd4 Qb6 28. e5 a5 29. c3 b4 30. axb4 axb4 31. Re1 bxc3 32. bxc3 Qa5 33. Re3 Qa3 34. Nf5 d4 35.
Rd3 dxc3 36. Qg5 Qc5+ 37. Kh1 g6 38. Nh6+ Kg7 39. Rxd7+ Kf8 40. Qf6+ Ke8 41. Qe6+ Kf8 42. Rf7# 1-0

[Event "*** MasterClass Titled Tuesday Blitz"]
[Site "Chess.com"]
[Date "2017.12.12"]
[Round "8"]
[White "nicegg"]
[Black "leopato"]
[Result "1-0"]
[WhiteElo "1989"]
[BlackElo "1783"]
[TimeControl "180+2"]
[EndTime "14:51:37 PST"]
[Termination "nicegg won on time"]

1. e4 c6 2. d4 d5 3. e5 Bf5 4. g4 Bd7 5. Be3 e6 6. c3 Ne7 7.
Nd2 h5 8. gxh5 Nf5 9. Be2 Nxe3 10. fxe3 Qg5 11. Kf2 Qh4+ 12. Kf1 Qg5 13. Kf2 Qh4+ 14. Kg2 Qg5+ 15. Kf1 Qxe3 16. h4 Be7 17. Rh3 Qf4+ 18. Kg2 Bxh4 19. Ngf3 Rxh5 20. Qh1 Qg4+ 21. Kf1 g5 22.
Nxh4 Qf4+ 23. Nhf3 Rxh3 24. Qxh3 Na6 25. Qh8+ Ke7 26.
Qxa8 g4 27. Qh8 gxf3 28. Qf6+ Qxf6 29. exf6+ Kxf6 30. Nxf3 Nc7 31. Ne5 b6 32. Nxd7+ Ke7 33. Ne5 c5 34. Kg2 f6 35. Nf3 Kd6 36. Rh1 e5 37.
dxe5+ fxe5 38. Rh6+ Ne6 39. Ng5 1-0

[Event "*** MasterClass Titled Tuesday Blitz"]
[Site "Chess.com"]
[Date "2017.12.12"]
[Round "8"]
[White "chidori_boruto"]
[Black "chessking2151"]
[Result "1/2-1/2"]
[WhiteElo "2507"]
[BlackElo "2383"]
[TimeControl "180+2"]
[EndTime "14:51:43 PST"]
[Termination "Game drawn by agreement"]

1. e4 e5 2. Nf3 Nc6 3. Bc4 Nf6 4. d3 Be7 5. c3 O-O 6. O-O d6 7. Re1 Na5 8. Bb5 a6 9. Ba4 b5 10. Bc2 c5 11. Nbd2 h6 12. h3 Re8 13. Nf1 Be6 14.
Ng3 Nc6 15. d4 cxd4 16. cxd4 exd4 17. Nxd4 Nxd4 18. Qxd4 Qc7 19. Bb3 Bxb3 20. axb3 Qc2 21. Nf5 Qxb3 22. Bxh6 gxh6 23. Nxe7+ Rxe7 24. Qxf6 Re6 25. Qd4 Rg6 26. Re3 Qe6 27. f4 Qf6 28. Qd5 Rf8 29.
f5 Qxb2 30. fxg6 Qxa1+ 31. Kf2 Kg7 32. Rf3 Qb2+ 33. Kf1 Qc1+ 34. Ke2 Qc2+ 35. Ke1 fxg6 36. Qd4+ Kg8 37. Qd5+ Kg7 38. Qd4+ Kg8 39. Qd5+ 1/2-1/2

[Event "*** MasterClass Titled Tuesday Blitz"]
[Site "Chess.com"]
[Date "2017.12.12"]
[Round "8"]
[White "ENEASZ"]
[Black "amaidel"]
[Result "0-1"]
[WhiteElo "2416"]
[BlackElo "2492"]
[TimeControl "180+2"]
[EndTime "14:51:47 PST"]
[Termination "amaidel won by resignation"]

1. e4 e5 2. Nf3 Nc6 3. Bc4 Bc5 4. c3 Nf6 5. d4 exd4 6. O-O Nxe4 7. cxd4 d5 8. dxc5 dxc4 9. Qxd8+ Kxd8 10. Ng5 Nxg5 11.
Rd1+ Ke8 12. Bxg5 f6 13. Bf4 Be6 14. Bxc7 Kf7 15. Nc3 Rac8 16. Nb5 Kg6 17. Bg3 Rcd8 18. Rd6 Kf7 19. Re1 Rde8 20. Rd2 Kg6 21. Nc7 Bf7 22. Nxe8 Bxe8 23. Rd4 Nxd4 24. Re4 Nf5 25. Rg4+ Kf7 26. Bb8 a6 27. Bc7 Bb5 28. h3 Re8 29. Rf4 Ne7 30. Bd6 Nc8 31. Bc7 Re7 32. Bd8 Rd7 33. Ba5 Ne7 34.
g4 Rd5 35. Re4 Rxc5 36. f4 Rd5 37. f5 Rd7 38. Kf2 Nc6 39. Bc3 Re7 40. Rf4 Ne5 41.
Kg3 Nd3 42. Rd4 Rd7 43. Re4 Nc5 44. Re2 Bc6 45. h4 Ne4+ 46. Kf4 Nxc3 47. bxc3 Rd3 48. g5 Rxc3 49. h5 fxg5+ 50. Kxg5 Rg3+ 51. Kf4 Rf3+ 52. Kg5 h6+ 53. Kg4 Rf1 54. Re6 Bd7 55.
Re5 Rxf5 0-1